 Dungeon Sprint DCSS version 0.22.1-1-ga44c0e56f4 (webtiles) character file.

11 MuseOD the Skirmisher (level 2, -4/30 HPs)
             Began as a Minotaur Fighter on Oct 4, 2018.
             Was an Initiate of Okawaru.
             Killed by nerve-wracking pain
             ... invoked by an orc priest
              (13 damage)
             ... in the Dungeon (Sprint V: "Ziggurat Sprint").
             The game lasted 00:01:54 (243 turns).

MuseOD the Skirmisher (Minotaur Fighter)             Turns: 243, Time: 00:01:55

Health: -4/30      AC: 20    Str: 20    XL:     2   Next: 17%
Magic:  3/3        EV:  3    Int:  5    God:    Okawaru [......]
Gold:   0          SH:  0    Dex:  9    Spells: 1/1 levels left

rFire    + . .     SeeInvis .   c - +5 executioner's axe
rCold    + . .     Gourm    .   (shield currently unavailable)
rNeg     . . .     Faith    .   a - +5 gold dragon scales
rPois    +         Spirit   .   (helmet restricted)
rElec    .         Reflect  .   (no cloak)
rCorr    .         Harm     .   (no gloves)
MR       .....     NoTele   +   (no boots)
Stlth    ..........             (no amulet)
HPRegen  0.10/turn              (no ring)
MPRegen  0.08/turn              (no ring)

@: lethally poisoned (-4 -> -20)
A: retaliatory headbutt, horns 2
a: Renounce Religion


You were in the Dungeon.
You worshipped Okawaru.
Okawaru was noncommittal.
You were not hungry.

You visited 1 branch

Inventory:

Hand Weapons
 c - a +5 executioner's axe (weapon)
Armour
 a - +5 gold dragon scales (worn)
 b - a +0 scale mail
Jewellery
 z - a +6 ring of dexterity
 A - a +6 ring of dexterity
 B - a +6 ring of intelligence
 C - a +6 ring of intelligence
 D - a +6 ring of strength
 E - a +6 ring of strength
Wands
 w - a wand of disintegration (7)
 x - a wand of iceblast (7)
 y - a wand of acid (7)
Scrolls
 k - 4 scrolls of blinking
 q - 4 scrolls of amnesia
 r - 7 scrolls of fog
 s - a scroll of holy word
 t - 5 scrolls of identify
 u - 5 scrolls of remove curse
 v - 2 scrolls of fear
Potions
 d - 6 potions of might
 e - 10 potions of curing
 g - 10 potions of heal wounds
 h - 6 potions of haste
 i - 7 potions of magic
 j - 3 potions of berserk rage
 l - 2 potions of brilliance
 m - 2 potions of invisibility
 n - 4 potions of resistance
 p - 5 potions of agility
Comestibles
 f - 7 rations


   Skills:
 + Level 5.8 Fighting
 + Level 5.1 Axes
 + Level 5.8 Armour
   Level 3.6 Shields
 + Level 3.5 Invocations


You had one spell level left.
You didn't know any spells.
Your spell library was empty.

Dungeon Overview and Level Annotations

Branches:
Dungeon (1/1)

Altars:
Ashenzari
Cheibriados
Dithmenos
Elyvilon
Fedhas
Gozag
Hepliaklqana
Kikubaaqudgha
Makhleb
Nemelex Xobeh
Okawaru
Qazlal
Ru
Sif Muna
Trog
Uskayaw
Vehumet
Wu Jian
Xom
Yredelemnul
Zin
The Shining One
Beogh
Jiyva
Lugonu

Annotations:
D 1 transporter


Innate Abilities, Weirdness & Mutations

You reflexively headbutt those who attack you in melee.
You have a pair of horns on your head.


Message History

You closely miss the orc priest.
The orc priest is moderately wounded.
Your gold dragon scales prevents you from hitting the orc priest.
You slash the orc!
You kill the orc!
Okawaru accepts your kill.
You feel sick.
The orc priest invokes the aid of Beogh against you.
Beogh smites you!
Ouch! That really hurt!
The orc priest hits you but does no damage.
The orc priest calls down the wrath of Beogh upon you.
You barely resist.
Your gold dragon scales prevents you from hitting the orc priest. x2
* * * LOW HITPOINT WARNING * * *
You feel very sick.
The orc priest hits you but does no damage.
The orc priest invokes the aid of Beogh against you.
Pain shoots through your body!
You die...

▓▓▓▓▓▓▓▓▓▓▓▓▓
▓.8©8.▓.8©8.▓
▓.|}?.▓.....▓
▓.....▓.[.[.▓
▓oo...▓.....▓
▓.@...▓.....▓
▓.....▓..©..▓
▓..©..▓▓▓▓▓▓▓
▓▓▓▓▓▓▓


You could see 2 orc priests.

Vanquished Creatures
  An orc (D)
  A jackal zombie (D)
  A quokka zombie (D)
3 creatures vanquished.

Notes
Turn   | Place    | Note
-------+----------+-------------------------------------------
     0 | D        | Found the +6 Majin-Bo {vamp, Archmagi MP+6 Int+6}
     0 | D        | Found the +7 great mace "Firestarter" {inner flame, rF++}
     0 | D        | MuseOD the Minotaur Fighter began the quest for the Orb.
     0 | D        | Reached XP level 1. HP: 19/19 MP: 0/0
     0 | D        | Found a bloodstained altar of Trog.
     0 | D        | Found a deep blue altar of Sif Muna.
     0 | D        | Found a sacrificial altar of Ru.
     0 | D        | Found a stormy altar of Qazlal.
     0 | D        | Found an iron altar of Okawaru.
     2 | D        | Found a sparkling altar of Nemelex Xobeh.
     2 | D        | Found a blossoming altar of Fedhas.
     4 | D        | Found a transporter.
     4 | D        | Found an ancient bone altar of Kikubaaqudgha.
     4 | D        | Found a viscous altar of Jiyva.
     4 | D        | Found a corrupted altar of Lugonu.
     4 | D        | Found a hazy altar of Hepliaklqana.
     4 | D        | Found a burning altar of Makhleb.
     4 | D        | Found an opulent altar of Gozag.
    50 | D        | Became a worshipper of Warmaster Okawaru
    80 | D        | Found the +9 heavy crossbow "Sniper" {velocity, Acc+∞ SInv}
    80 | D        | Found the +10 dark maul {crush}
    80 | D        | Found the +15 Maxwell's patent armour {-Cast -Tele rElec
                  | MR+ rCorr}
    80 | D        | Found the +18 shield of the Gong {rElec rN+ MR+ EV-5}
    80 | D        | Found the cursed +14 obsidian axe {chop, +Fly SInv *Curse}
    81 | D        | Found the +6 shillelagh "Devastator" {shatter}
    81 | D        | Found the +11 plutonium sword {*Contam Stlth-}
    81 | D        | Found the +8 lance "Wyrmbane" {slay drac, rPois rF+ rC+
                  | AC+3}
    81 | D        | Found the cursed +13 scythe of Curses {drain, *Curse}
    81 | D        | Found the +0 sword of Power
    81 | D        | Found the +7 mace of Variability {chain chaos}
    81 | D        | Found the +7 Singing Sword
    81 | D        | Found the +7 longbow "Piercer" {penet, EV-2}
    86 | D        | Reached skill level 5 in Fighting
    86 | D        | Reached skill level 5 in Axes
    86 | D        | Reached skill level 5 in Armour
    86 | D        | Reached XP level 2. HP: 30/30 MP: 0/3
   127 | D        | Entered arena 2.
   127 | D        | Found a transporter.
   238 | D        | Entered arena 3.
   238 | D        | Found a transporter.
   243 | D        | Killed from afar by an orc priest

Skill      XL: |  1 |
---------------+----+-----
Fighting       | 5 |  5.8
Axes           | 5 |  5.1
Armour         | 5 |  5.8
Invocations    | 3 |  3.5
Shields        | |  3.6

Action                   || total
-------------------------++-------
Melee: Executioner's axe ||     5
       Headbutt          ||     1
  Use: Potion            ||     1
Armor: Gold dragon scale ||    11
Dodge: Dodged            ||     1
